 Dungeon Crawl Stone Soup version 0.23-a0-650-ga4d50d4 (webtiles) character file.

18 Amnesiac the Changer (level 2, 0/21 HPs)
             Began as a Spriggan Transmuter on Jan 2, 2019.
             Slain by a goblin (3 damage)
             ... led by Robin
             ... on level 2 of the Dungeon.
             The game lasted 00:02:13 (1034 turns).

Amnesiac the Changer (Spriggan Transmuter)          Turns: 1034, Time: 00:02:14

Health: 0/21       AC: 21    Str:  5 (6)  XL:     2   Next: 51%
Magic:  7/7        EV:  4    Int: 12 (14) God:
Gold:   25         SH:  0    Dex: 14 (16) Spells: 4/7 levels left

rFire    . . .     SeeInvis +     - Unarmed
rCold    . . .     Gourm    .   (shield restricted)
rNeg     + + +     Faith    .   (armour currently unavailable)
rPois    +         Spirit   .   (helmet currently unavailable)
rElec    .         Reflect  .   (cloak currently unavailable)
rCorr    .         Harm     .   (gloves unavailable)
MR       .....     NoTele   +   (boots unavailable)
Stlth    +.........             (no amulet)
HPRegen  0.07/turn              (no ring)
MPRegen  0.10/turn              (no ring)

@: tree-form
A: very small, unfitting armour, see invisible, herbivore, slow metabolism 2
a: no special abilities


You were on level 2 of the Dungeon.
You were not hungry.
You were a tree.
You visited 1 branch of the dungeon, and saw 3 of its levels.

You collected 25 gold pieces.

Inventory:

Missiles
 a - 9 arrows
Armour
 b - a +0 robe (melded)
Potions
 e - a potion of degeneration {!q}
Comestibles
 d - 2 rations


   Skills:
 - Level 1.0 Fighting
 + Level 3.4 Dodging
 - Level 2.4 Unarmed Combat
 + Level 3.0 Spellcasting
 * Level 3.5 Transmutations


You had 4 spell levels left.
You knew the following spells:

 Your Spells              Type           Power        Failure   Level  Hunger
a - Beastly Appendage     Tmut           ##....       6%          1    #......
b - Sticks to Snakes      Tmut           ##......     9%          2    ###....

Your spell library contained the following spells:

 Spells                   Type           Power        Failure   Level  Hunger
 Spider Form              Tmut/Pois      #.........   34%         3    ###....
 Ice Form                 Ice/Tmut       #.......     75%         4    #####..
 Blade Hands              Tmut           ##........   85%         5    ######.


Dungeon Overview and Level Annotations

Branches:
Dungeon (3/15)

Altars:

Annotations:
D:2 Terence
D:3 Robin


Innate Abilities, Weirdness & Mutations

You are very small and have problems with some larger weapons.
You are too small for most types of armour.
You have supernaturally acute eyesight. (SInv)
You are a herbivore.
((You cover ground extremely quickly.))
You need to consume almost no food.


Message History

You start resting.
HP restored.
You climb downwards.
Level annotation: Robin, Terence The goblin closely misses you.
The goblin completely misses you. Terence completely misses you.
The goblin barely misses you.
A kobold opens the door.
The goblin hits you but does no damage. The goblin misses you.
The hobgoblin hits you with a cursed +0 club.
The goblin closely misses you. The goblin misses you.
There is a stone staircase leading up here.
Robin roars a battlecry!
The goblins go into a battle-frenzy!
Terence drinks a potion.
Terence goes berserk!
The goblin closely misses you. The goblin hits you.
The goblin closely misses you.
You climb upwards.
There is a stone staircase leading down, spattered with blood here.
Really read
f - a scroll labeled BORRASCHUAX {!r}?
As you read the scroll labeled BORRASCHUAX {!r}, it crumbles to dust.
You feel blessed for a moment.
It was a scroll of remove curse {!r}.
Terence barely misses you. The hobgoblin completely misses you.
The goblin hits you with a cursed +0 club.
* * * LOW HITPOINT WARNING * * *
The goblin misses you. The goblin barely misses you. Terence barely misses you.
Really quaff
e - 2 white potions {!q}?
It was a potion of degeneration {!q}.
There was something very wrong with that liquid.
You feel weakened.
You feel dopey.
You feel clumsy. The hobgoblin misses you. The goblin completely misses you.
The goblin misses you. Terence misses you. The goblin misses you.
Really quaff
g - a golden potion {!q}?
It was a potion of flight {!q}.
You feel very buoyant.
You fly up into the air.
The hobgoblin hits you with a cursed +0 club.
* * * LOW HITPOINT WARNING * * *
The goblin closely misses you. Terence misses you.
The goblin closely misses you. x2
Really quaff
c - a lumpy green potion {!q}?
It was a potion of lignification {!q}.
You turn into a tree.
Your roots penetrate the ground.
Terence hits you but does no damage.
The hobgoblin hits you but does no damage.
The goblin hits you but does no damage. x2; The goblin barely misses you.
Casting: Sticks to Snakes (safe; 9% risk of failure)
Confirm with . or Enter, or press ? or * to list all spells.
You are stuck in your current form!
Unknown command.
You hit Terence but do no damage. Terence barely misses you.
The hobgoblin hits you but does no damage.
The goblin hits you but does no damage. x3
Terence hits you but does no damage.
You hit the hobgoblin.
The hobgoblin is severely wounded.
The hobgoblin hits you but does no damage.
The goblin hits you but does no damage. Terence hits you but does no damage.
The goblin hits you but does no damage. The goblin barely misses you.
Unknown command.
You hit the hobgoblin.
You kill the hobgoblin!
Terence hits you but does no damage.
The goblin hits you but does no damage. x3
Unknown command.
You barely miss the goblin. Terence hits you but does no damage.
The goblin hits you but does no damage. The goblin hits you.
You die...

#...#
#.......#.####...#
##.##
#.......#......#.#
#.#
#.......###.##...#
#.# #.......#
#.######
###.####.......# #.#
#...........#### #.#
#.#...###...######.##
#.#.....#.....)gg÷..#
#.##..#.#.....@♣gg#.#
#.....#....######...#
####.......# ##.##
######### #.#
########.# #........#
##.########
#...########
#...##.....# .#


You could see Terence (berserk) and 4 goblins.

Vanquished Creatures
  A dart slug (D:2)
  A giant cockroach (D:2)
  2 goblins (D:2)
  2 hobgoblins
  2 kobolds
  A bat (D:2)
  A rat (D:2)
10 creatures vanquished.

Vanquished Creatures (collateral kills)
  A worm (D:2)
  A giant cockroach (D:2)
  2 goblins (D:2)
  2 hobgoblins (D:2)
6 creatures vanquished.

Grand Total: 16 creatures vanquished

Notes
Turn   | Place    | Note
-------+----------+-------------------------------------------
     0 | D:1      | Amnesiac the Spriggan Transmuter began the quest for the
                  | Orb.
     0 | D:1      | Reached XP level 1. HP: 9/9 MP: 5/5
   471 | D:2      | Reached skill level 1 in Fighting
   563 | D:3      | Noticed Terence
   563 | D:3      | Noticed Robin
   728 | D:2      | Reached XP level 2. HP: 14/14 MP: 6/6
   732 | D:2      | Learned a level 2 spell: Sticks to Snakes
  1034 | D:2      | Slain by a goblin

Vault maps used:
D:1:      lightli_arrival_lavapool, chequers_serial_rivers_large_a,
          kennysheep_another_room
D:2:      kennysheep_slug_shrine
D:3:      nemelex_altar_shiori, lemuel_round_altar, first_ration, uniq_terence,
          uniq_robin

Skill      XL: |  1  2 |
---------------+-------+-----
Transmutations | 3 |  3.5
Fighting       | 1 |  1.0
Spellcasting   | 3 |  3.0
Dodging        | |  3.4
Unarmed Combat | |  2.4

Action                   || total
-------------------------++-------
Melee: Unarmed           ||    46
       Kick              ||     5
 Cast: Beastly Appendage ||     6
       Sticks to Snakes  ||     3
  Use: Potion            ||     3
       Scroll            ||     1
Armor: Robe              ||     3
       Skin              ||    17
Dodge: Dodged            ||    83

Table legend:
 A = Non-vault XP
 B = Vault XP
 C = Vault XP percentage of total XP
 D = Non-vault monster count
 E = Vault monster count
 F = Vault count percentage of total count
                 A         B        C        D         E       F
            +---------+---------+-------+---------+---------+-------
      Total |      15 |      12 |  44.4 |       9 |       7 |  43.8
            +---------+---------+-------+---------+---------+-------
        D:1 |       4 |       0 |   0.0 |       2 |       0 |   0.0
        D:2 |      11 |      12 |  52.2 |       7 |       7 |  50.0
            +---------+---------+-------+---------+---------+-------
